 Dungeon Crawl Stone Soup version 0.19.5 (webtiles) character file.

502375 RaHiT the Sorcerer (level 24, -9/185 HPs)
             Began as a Mummy Conjurer on May 20, 2017.
             Was the Champion of Vehumet.
             Mangled by a death scarab (24 damage)
             ... on level 1 of the Tomb of the Ancients on May 23, 2017.
             The game lasted 13:19:18 (101396 turns).

RaHiT the Sorcerer (Mummy Conjurer)               Turns: 101396, Time: 13:19:19

Health: -9/185     AC:  9    Str: 12      XL:     24   Next: 6%
Magic:  28/57      EV: 23    Int: 20 (24) God:    Vehumet [******]
Gold:   5747       SH: 10    Dex: 12 (18) Spells: 10 memorised, 10 levels left

rFire  x . .     SeeInvis .     y - staff of conjuration
rCold  + . .     Gourm    .     s - +1 robe of Truth {rElec Int+5}
rNeg   + + +     Faith    .     Z - +3 warlock's mirror {reflect}
rPois  ∞         Spirit   .     e - +0 helmet
rElec  +         Reflect  +     q - +2 cloak
rCorr  .         Harm     .     J - +2 pair of gloves {Dex+3}
MR     +++++                    U - +2 pair of boots {Fly}
Stlth  ++........               (no amulet)
                                V - ring "Bitam" {*Corrode rPois MR+++ MP+9 Int-3}
                                P - +6 ring of evasion

@: corroded, flying, very slightly contaminated, slowed, delayed fireball, very
slow
A: no food or potions, fire vulnerability, cold resistance 1, negative energy
resistance 3, torment resistance, unbreathing, in touch with death 1
a: Renounce Religion, Release Delayed Fireball, Stop Flying
}: 2/15 runes: decaying, serpentine


You were on level 1 of the Tomb of the Ancients.
You worshipped Vehumet.
Vehumet was exalted by your worship.
You were not hungry.

You visited 11 branches of the dungeon, and saw 47 of its levels.
You also visited: Ossuary, Bailey and Ice Cave.

You collected 6699 gold pieces.
You spent 952 gold pieces at shops.

Inventory:

Hand Weapons
 H - a +4 demon whip of slashing
Armour
 e - a +0 helmet (worn)
 q - a +2 cloak (worn)
 s - the +1 robe of Truth (worn) {rElec Int+5}
   (You took it off a deep elf mage on level 3 of the Elven Halls)

   It affects your intelligence (+5).
   It insulates you from electricity.
 J - a +2 pair of gloves of dexterity (worn)
 U - a +2 pair of boots of flying (worn)
 Z - the +3 warlock's mirror (worn) {reflect}
   (You acquired it on level 2 of the Lair of Beasts)
Magical Staves
 a - an uncursed staff of power
 b - an uncursed staff of energy
 y - an uncursed staff of conjuration (weapon)
 Q - an uncursed staff of fire
 Y - an uncursed staff of wizardry
Rods
 m - a +1 lightning rod (9/9)
   (You took it off a naga on level 2 of the Snake Pit)
Jewellery
 c - an uncursed ring of fire
 l - an uncursed ring of wizardry
 w - an uncursed ring of see invisible
 x - an uncursed ring of protection from fire
 A - an uncursed ring of resist corrosion
 C - an uncursed ring of protection from magic
 P - a +6 ring of evasion (left hand)
 T - an uncursed ring of magical power
 V - the ring "Bitam" (right hand) {*Corrode rPois MR+++ MP+9 Int-3}
   (You took it off a deep elf demonologist on level 3 of the Elven Halls)

   [ring of magical power]

   It affects your intelligence (-3).
   It protects you from poison.
   It affects your resistance to hostile enchantments.
   It affects your magic capacity (+9).
   It may corrode you when you take damage.
Wands
 o - a wand of acid (8/15)
 u - a wand of lightning (6/15)
 z - a wand of enslavement (6/24)
 B - a wand of polymorph (10/24)
 D - a wand of random effects (39/48)
 F - a wand of heal wounds (1/9)
 G - a wand of iceblast (6/15)
 K - a wand of hasting (5/9)
 R - a wand of digging (8/24)
 S - a wand of confusion (31/48)
 W - a wand of disintegration (9/24)
Scrolls
 d - 4 scrolls of identify
 f - 2 scrolls of fog
 g - 9 scrolls of teleportation
 h - 4 scrolls of fear
 i - 2 scrolls of torment
 j - 2 scrolls of amnesia
 n - 12 scrolls of remove curse
 p - 3 scrolls of blinking
 E - a scroll of recharging
 L - 4 scrolls of magic mapping
 O - a scroll of silence
Books
 t - a book of Enchantments

   Spells                             Type                      Level
   a - Cause Fear                     Hexes                        4
   b - Yara's Violent Unravelling     Hexes/Transmutation          5
   c - Silence                        Hexes/Air                    5
   d - Deflect Missiles               Charms/Air                   6
   e - Discord                        Hexes                        8
 N - a book of the Tempests

   Spells                             Type                      Level
   a - Static Discharge               Conjuration/Air              3
   b - Lightning Bolt                 Conjuration/Air              5
   c - Fireball                       Conjuration/Fire             5
   d - Tornado                        Air                          9
   e - Shatter                        Earth                        9
Miscellaneous
 k - a fan of gales
 r - a lamp of fire
 v - a box of beasts
 I - 4 sacks of spiders
 M - 2 phantom mirrors
 X - a phial of floods


   Skills:
 * Level 14.0 Fighting
 - Level 10.0 Dodging
 - Level 1.5 Stealth
 - Level 15.1 Shields
 - Level 21.0 Spellcasting
 + Level 20.5 Conjurations
 - Level 10.1 Evocations


You had 10 spell levels left.
You knew the following spells:

 Your Spells              Type           Power        Failure   Level  Hunger
a - Spellforged Servitor  Conj/Summ      #######...   8%          7    N/A
b - Iskenderun's Mystic   Conj           ########     0%          4    N/A
c - Iskenderun's Battles  Conj/Chrm      #######.     1%          5    N/A
d - Conjure Flame         Conj/Fire      #######.     1%          3    N/A
e - Orb of Destruction    Conj           ########..   1%          7    N/A
f - Irradiate             Conj/Tmut      #######...   1%          5    N/A
g - Delayed Fireball      Conj/Fire      N/A          8%          7    N/A
h - Bolt of Fire          Conj/Fire      #######...   1%          6    N/A
i - Iron Shot             Conj/Erth      #######...   1%          6    N/A
j - Bolt of Draining      Conj/Necr      #######...   1%          5    N/A

Dungeon Overview and Level Annotations

Branches:
Dungeon (15/15)            Temple (1/1) D:5            Lair (6/6) D:8
  Swamp (4/4) Lair:2        Snake (4/4) Lair:3        Slime (0/5) Lair:6
    Orc (2/2) D:11            Elf (3/3) Orc:2        Vaults (4/5) D:14
  Crypt (3/3) Vaults:2       Tomb (1/3) Crypt:3      Depths (4/5) D:15

Altars:
Ashenzari
Cheibriados
Dithmenos
Elyvilon
Fedhas
Gozag
Hepliaklqana
Kikubaaqudgha
Makhleb
Nemelex Xobeh
Okawaru
Qazlal
Ru
Sif Muna
Trog
Uskayaw
Vehumet
Xom
Yredelemnul
Zin
The Shining One
Beogh
Jiyva

Shops:
Orc:1 }   Orc:2 *%*   Elf:1 :!   Elf:3 [(=%(   Snake:1 }=}*   Snake:2 *%}[
Snake:3 %   Vaults:4 (*[   Depths:2 %![*   Depths:3 *%(

Portals:
Hell: Depths:1 Depths:2
Abyss: Depths:2
Pandemonium: Depths:3
Ziggurat: Depths:3

Annotations:
Lair:6 1 runed door
Depths:4 Mennas


Innate Abilities, Weirdness & Mutations

You do not eat or drink.
Your flesh is vulnerable to fire.
You are immune to poison.
Your flesh is cold resistant. (rC+)
You are immune to negative energy. (rN+++)
You are immune to unholy pain and torment.
You can survive without breathing.
You are in touch with the powers of death.


Message History

You feel a surge of power! The death scarab bites you!!
* * * LOW HITPOINT WARNING * * *
The death scarab drains your vigour!
You feel as though you will be slow longer.
The death scarab closely misses you.
The wavering orb of destruction hits the death scarab.
You blow up the death scarab!
Vehumet accepts your kill.
You feel your power returning.
Your spellforged servitor launches a ball of destructive magic.
Blink to where?
Press: ? - help, Dir - move target cursor, p - death scarab
As you read the scroll of blinking, it crumbles to dust.
Casting: Orb of Destruction
Confirm with . or Enter, or press ? or * to list all spells.
Aiming: Orb of Destruction
Press: ? - help, Shift-Dir - straight line, f - death scarab
Aim: a death scarab (moderately damaged)
You feel a surge of power! The death scarab bites you!!
You die...

################.§.......#
#.........# #.........#
#.........# #.........#
#.........# #*........#
#ss.......# #@........#
#.........# #.........#
#.........# #.........#
#.........# #.........#
#.........# #.........#


You could see 2 death scarabs.

Vanquished Creatures
  Mara (Swamp:3)
  Bai Suzhen (Elf:3)
  Saint Roka (Snake:2)
  Xtahua (Crypt:3)
  A shard shrike skeleton (Crypt:2)
  2 tentacled monstrosities
  Asterion (Elf:3)
  A deep elf master archer (Elf:3)
  3 ancient champions
  2 deep elf blademasters (Elf:3)
  3 sphinxes
  Kirke (D:15)
  2 thorn hunters
  Donald (Swamp:1)
  Frances (Swamp:2)
  12 nagarajas
  2 revenants
  3 fire giants
  2 frost giants
  5 deep elf sorcerers
  3 orc warlords
  8 vault wardens
  Louise (Snake:3)
  Aizul (Swamp:2)
  A curse skull (Crypt:1)
  8 ghouls
  9 ironheart preservers
  A juggernaut zombie (Crypt:3)
  5 very ugly things
  6 deep elf elementalists
  4 stone giants
  7 deep elf demonologists
  2 vampire knights
  Azrael (Snake:1)
  8 deep elf annihilators
  Snorg (D:12)
  9 deep elf death magi
  4 ettins
  3 fire dragons
  2 blizzard demons (IceCv)
  8 ogre magi
  2 eidola (Crypt:3)
  4 mummy priests (Crypt:3)
  6 great orbs of eyes
  A quicksilver dragon skeleton (Crypt:3)
  Erolcha (D:10)
  2 deep elf high priests (Elf:3)
  The ghost of McKennaii the Eclecticist, a journeyman DEFE of Vehumet (D:13)
  A rakshasa (Vaults:1)
  A ghost crab (Swamp:4)
  3 yaktaur captains
  22 naga warriors
  4 ice dragons
  4 catoblepae
  3 vault guards
  23 hydras
  The ghost of McKennaii the Thaumaturge, a journeyman DEFE of Vehumet (Bailey)
  7 anacondas
  The ghost of tanuki the Fighter, a novice MiFi of Okawaru (Orc:1)
  11 centaur warriors
  34 dancing weapons
  An anaconda (shapeshifter) (Elf:2)
  2 death knights
  9 death yaks
  15 alligators
  11 vampire magi
  A tengu warrior (D:8)
  2 death scarabs (Tomb:1)
  2 deep troll earth magi
  4 deep troll shamans
  22 naga sharpshooters
  4 shock serpents
  Sonja (D:12)
  5 hell knights (Depths:3)
  28 deep elf knights
  3 iron trolls
  9 skeletal warriors
  2 shadow wraiths
  3 spriggans
  2 spriggan druids
  2 salamander mystics (Snake:4)
  A glowing orange brain (shapeshifter) (Depths:3)
  11 deep trolls
  4 wizards
  12 naga ritualists
  3 flayed ghosts
  Pikel (D:6)
  18 deep elf archers
  4 unseen horrors
  A shambling mangrove (Swamp:1)
  12 ironbrand convokers
  8 hill giants
  An anaconda skeleton (Crypt:2)
  2 phantasmal warriors
  4 harpies (Vaults:2)
  3 wolf spiders
  9 necromancers
  12 swamp dragons
  An orc knight (D:14)
  8 orc sorcerers
  17 ugly things
  A fire giant zombie (Depths:2)
  10 mana vipers
  4 manticores
  11 salamanders
  75 deep elf magi
  9 cyclopes
  A cyclops (shapeshifter) (D:15)
  13 elephants
  35 black mambas
  8 vault sentinels
  9 guardian serpents
  A dire elephant zombie (Crypt:1)
  An ice statue (IceCv)
  16 naga magi
  A torpor snail (Lair:3)
  3 rime drakes (Lair:6)
  12 komodo dragons
  31 spiny frogs
  3 gargoyles
  11 freezing wraiths
  A mottled draconian zombie (Crypt:3)
  5 ice devils (IceCv)
  A kobold demonologist (D:14)
  A green draconian zombie (Crypt:3)
  14 yaktaurs
  3 anaconda simulacra (IceCv)
  A redback zombie (D:13)
  A golden dragon simulacrum (IceCv)
  2 tengu conjurers (Depths:2)
  9 trolls
  2 guardian mummies (Crypt:3)
  A troll (shapeshifter) (D:15)
  A wind drake (shapeshifter) (Vaults:3)
  A queen bee (D:11)
  3 meliai (D:14)
  A polar bear (Lair:6)
  A jumping spider (shapeshifter) (Vaults:1)
  11 tyrant leeches
  6 two-headed ogres
  10 hornets
  15 bog bodies
  35 slime creatures
  A two-headed ogre (shapeshifter) (Vaults:3)
  10 dream sheep
  14 blink frogs
  9 hippogriffs
  A stone giant simulacrum (Vaults:1)
  An ice dragon skeleton (Crypt:1)
  4 air elementals
  Sigmund (D:6)
  A tarantella (shapeshifter) (Depths:1)
  2 redbacks
  6 flying skulls
  3 water elementals
  3 shadows
  2 fire elementals
  3 vampires
  3 wraiths
  5 ushabtiu (Crypt:3)
  16 humans
  4 wyverns
  A human (shapeshifter) (D:13)
  5 fire bats (Depths:1)
  19 yaks
  A hog (shapeshifter) (Vaults:2)
  3 hogs (D:15)
  An ettin skeleton (Crypt:3)
  3 basilisks
  13 wargs
  15 vampire mosquitoes
  A death yak simulacrum (IceCv)
  2 hungry ghosts
  5 hydra simulacra (IceCv)
  59 nagas
  3 mottled dragons
  22 swamp worms
  5 hell hounds
  3 iron troll simulacra (IceCv)
  6 insubstantial wisps (Swamp:1)
  6 harpy simulacra (IceCv)
  23 water moccasins
  9 porcupines
  2 ice beasts
  18 swamp drakes
  26 orc warriors
  4 phantoms
  4 sky beasts
  4 slaves
  4 black bears
  An ettin simulacrum (IceCv)
  10 boggarts
  28 ogres
  A ghost crab zombie (Crypt:2)
  A hornet zombie (D:9)
  15 centaurs
  4 necrophages
  13 wolves
  The ghost of megajambo the Charmwright, an amateur HESk of Sif Muna (D:3)
  16 crocodiles
  A hog zombie (Crypt:1)
  2 big kobolds
  2 elf zombies (Ossuary)
  20 bullfrogs
  An earth elemental (Elf:3)
  A deep troll simulacrum (Vaults:3)
  A gnoll sergeant (D:9)
  An elf skeleton (Crypt:1)
  A merfolk simulacrum (Crypt:2)
  2 glowing shapeshifter simulacra
  2 wyvern skeletons
  2 water moccasin zombies (D:6)
  5 scorpions
  8 wights
  28 killer bees
  5 howler monkeys
  2 electric eels
  5 bullfrog zombies
  A lava snake (Depths:1)
  5 crimson imps
  11 centaur zombies
  2 quasits
  A draconian simulacrum (IceCv)
  2 human zombies (Ossuary)
  18 orc priests
  4 bullfrog skeletons
  4 hounds
  3 jellies
  43 orc wizards
  5 centaur skeletons
  7 iguanas
  Terence (D:3)
  2 hell rats
  A spriggan simulacrum (IceCv)
  9 worker ants
  4 troll simulacra (IceCv)
  A polar bear simulacrum (IceCv)
  2 centaur simulacra (IceCv)
  A hound zombie (D:6)
  2 hound skeletons
  4 mummies
  A worker ant zombie (D:5)
  A howler monkey skeleton (D:10)
  25 gnolls
  An ogre simulacrum (IceCv)
  13 adders
  2 naga simulacra (IceCv)
  10 river rats (Lair:2)
  3 shadow imps
  8 white imps (IceCv)
  7 ufetubi (IceCv)
  An ooze (D:2)
  An adder skeleton (D:6)
  A worm (D:2)
  2 dart slugs
  11 leopard geckos
  127 orcs
  A bat skeleton (Crypt:2)
  A bat zombie (Crypt:3)
  5 giant cockroaches
  18 goblins
  13 hobgoblins
  19 jackals
  3 quokkas
  6 ball pythons
  8 bats
  7 frilled lizards
  A hobgoblin zombie (Crypt:1)
  A jackal skeleton (D:4)
  31 kobolds
  2 quokka skeletons (D:4)
  9 rats
  4 crawling corpses (Elf:3)
  5 fire vortices (Depths:1)
  2 fungi
  A plant (Swamp:4)
1929 creatures vanquished.

Vanquished Creatures (collateral kills)
  A greater mummy (Crypt:3)
  the Lernaean hydra (Swamp:4)
  Jory (Vaults:4)
  Nikola (Swamp:2)
  2 liches
  2 titans (Depths:2)
  2 ancient champions (Crypt:1)
  6 sphinxes
  A tengu reaver (Depths:3)
  A storm dragon (Vaults:4)
  A revenant (Crypt:1)
  3 fire giants
  4 vault wardens
  4 frost giants
  A deep elf sorcerer (Depths:2)
  An orc warlord (Depths:2)
  2 curse skulls (Crypt:3)
  7 ironheart preservers
  4 very ugly things
  8 ghouls
  3 reapers
  8 stone giants
  An entropy weaver (Vaults:3)
  A vampire knight (Crypt:2)
  A deep elf demonologist (Vaults:4)
  A deep elf annihilator (Vaults:4)
  3 eidola
  3 mummy priests
  5 ettins
  2 jiangshi (Crypt:3)
  8 yaktaur captains
  4 great orbs of eyes
  2 fire dragons (Depths:2)
  4 rakshasas
  3 ice dragons
  4 vault guards
  2 centaur warriors (Depths:2)
  A death knight (Vaults:4)
  2 alligators
  A death scarab (Tomb:1)
  A tengu warrior (Depths:2)
  6 deep troll shamans
  6 ogre magi
  A spriggan berserker (Depths:2)
  A titan zombie (Vaults:4)
  A vampire mage (Crypt:3)
  A storm dragon zombie (Crypt:3)
  3 deep elf knights
  5 hell knights (Depths:3)
  2 soul eaters
  4 iron trolls
  2 flayed ghosts
  A golden dragon zombie (Crypt:1)
  2 glowing orange brains
  17 skeletal warriors
  A titan skeleton (Crypt:2)
  3 wizards
  2 deep elf archers
  21 deep trolls
  4 phantasmal warriors
  4 ironbrand convokers
  7 harpies (Vaults:2)
  7 deep elf magi
  An iron dragon zombie (Vaults:4)
  10 orc knights
  A wolf spider (shapeshifter) (Vaults:3)
  12 ugly things
  A shadow dragon skeleton (Crypt:1)
  4 necromancers
  A golden dragon skeleton (Crypt:1)
  3 cyclopes
  3 wolf spiders
  3 orc sorcerers
  A stone giant zombie (Depths:2)
  2 frost giant zombies
  A fire giant skeleton (Depths:2)
  A frost giant skeleton (Crypt:3)
  A stone giant skeleton (Depths:2)
  8 vault sentinels
  7 gargoyles
  2 dire elephant skeletons
  2 elves (Depths:2)
  25 yaktaurs
  4 freezing wraiths
  A golden dragon simulacrum (Depths:2)
  A tengu conjurer (Depths:3)
  28 guardian mummies (Crypt:3)
  A meliai (shapeshifter) (Vaults:1)
  A purple draconian skeleton (Crypt:2)
  12 two-headed ogres
  A hydra zombie (Crypt:1)
  9 slime creatures
  2 hornets
  A harpy skeleton (Crypt:2)
  A tengu simulacrum (Vaults:1)
  A frost giant simulacrum (Crypt:1)
  A fire dragon zombie (Crypt:2)
  A raiju (shapeshifter) (Depths:1)
  An ice dragon skeleton (Crypt:3)
  3 air elementals (Depths:3)
  9 flying skulls
  A wind drake zombie (Crypt:1)
  3 vampires (Depths:2)
  A tarantella (shapeshifter) (Depths:3)
  4 wraiths
  7 fire bats (Depths:1)
  6 ushabtiu
  A human (Depths:2)
  A vampire mosquito (Swamp:4)
  2 human simulacra (Vaults:3)
  A mottled dragon (Vaults:1)
  2 wargs (Depths:2)
  An orb spider zombie (Crypt:3)
  A torturous demonspawn skeleton (Crypt:1)
  An ogre skeleton (Vaults:1)
  A deep troll skeleton (Crypt:1)
  A porcupine (shapeshifter) (Depths:3)
  A gelid demonspawn skeleton (Crypt:2)
  A manticore zombie (Crypt:3)
  6 slaves (Depths:2)
  4 orc warriors (Vaults:2)
  15 ogres
  A boggart (Vaults:1)
  2 human zombies (Vaults:1)
  5 necrophages (Crypt:1)
  3 wolves (Depths:2)
  7 centaurs
  2 earth elementals (Depths:3)
  3 glowing shapeshifter simulacra
  A deep troll simulacrum (Vaults:4)
  2 spectral wargs (Depths:2)
  A queen bee zombie (Crypt:2)
  A warg zombie (Crypt:3)
  A killer bee (D:11)
  3 wights (Crypt:1)
  3 lava snakes (Depths:1)
  A bullfrog skeleton (Crypt:2)
  An orc wizard (Vaults:1)
  A centaur skeleton (Crypt:2)
  An iguana (shapeshifter) (Vaults:3)
  14 mummies
  A hell rat skeleton (Crypt:2)
  A scorpion zombie (Crypt:1)
  3 white imps
  An ufetubus (Vaults:4)
  16 orcs
  A kobold (Depths:2)
  15 fire vortices (Depths:1)
533 creatures vanquished.

Vanquished Creatures (others)
  A lich (Depths:3)
  A deep elf master archer (Elf:3)
  An ironheart preserver (Vaults:4)
  A stone giant (Vaults:3)
  A yaktaur captain (Vaults:1)
  A centaur warrior (Vaults:4)
  A death scarab (Tomb:1)
  A naga sharpshooter (Snake:3)
  2 spriggan berserkers (Depths:3)
  A deep elf knight (Vaults:3)
  A spriggan druid (Swamp:2)
  A deep elf archer (Elf:2)
  A cyclops (Vaults:1)
  10 yaktaurs
  A hornet (Depths:3)
  A spriggan (Depths:3)
  A centaur (Vaults:1)
  3 ogres
  An orc (Vaults:2)
  4 fire vortices (Depths:1)
  26 fungi
  37 plants
98 creatures vanquished.

Grand Total: 2560 creatures vanquished

Notes
Turn   | Place    | Note
-------+----------+-------------------------------------------
     0 | D:1      | RaHiT the Mummy Conjurer began the quest for the Orb.
     0 | D:1      | Reached XP level 1. HP: 13/13 MP: 3/3
    59 | D:1      | Reached XP level 2. HP: 19/19 MP: 0/5
   139 | D:1      | Learned a level 2 spell: Searing Ray
   373 | D:1      | Reached skill level 3 in Spellcasting
  1156 | D:1      | Reached XP level 3. HP: 18/24 MP: 3/7
  1954 | D:2      | Reached skill level 4 in Spellcasting
  1954 | D:2      | Reached XP level 4. HP: 26/30 MP: 5/10
  1998 | D:2      | Learned a level 4 spell: Iskenderun's Mystic Blast
  2559 | D:3      | Noticed megajambo's ghost (amateur HESk)
  2607 | D:3      | Reached XP level 5. HP: 23/35 MP: 8/12
  2658 | D:3      | Noticed Terence
  2667 | D:3      | Killed Terence
  2667 | D:3      | Reached skill level 5 in Spellcasting
  2717 | D:3      | Found a glowing golden altar of the Shining One.
  3257 | D:3      | Reached XP level 6. HP: 41/41 MP: 6/14
  3354 | D:3      | Reached skill level 6 in Spellcasting
  3956 | D:3      | Killed megajambo's ghost
  4167 | D:4      | Found a shadowy altar of Dithmenos.
  4251 | D:4      | Reached XP level 7. HP: 43/46 MP: 12/16
  4349 | D:4      | Found a shattered altar of Ashenzari.
  4360 | D:4      | Reached skill level 5 in Conjurations
  4553 | D:4      | Noticed Pikel
  5051 | D:4      | Found a blossoming altar of Fedhas.
  6162 | D:5      | Entered Level 5 of the Dungeon
  6166 | D:5      | Found a sand-covered staircase.
  6172 | Ossuary  | Entered an ossuary
  6454 | Ossuary  | Reached XP level 8. HP: 47/52 MP: 13/18
  6462 | Ossuary  | Reached skill level 7 in Spellcasting
  7155 | Ossuary  | Learned a level 5 spell: Iskenderun's Battlesphere
  7290 | D:5      | Found a basalt altar of Yredelemnul.
  7366 | D:5      | Found a white marble altar of Elyvilon.
  7404 | D:5      | Found a staircase to the Ecumenical Temple.
  7430 | Temple   | Entered the Ecumenical Temple
  7456 | Temple   | Became a worshipper of Vehumet
  7776 | D:5      | Reached skill level 8 in Spellcasting
  8076 | D:5      | Found a sparkling altar of Nemelex Xobeh.
  8076 | D:5      | Found a shimmering altar of Xom.
  8228 | D:5      | Found a stormy altar of Qazlal.
  8234 | D:5      | Found a hazy altar of Hepliaklqana.
  8309 | D:5      | Reached * piety under Vehumet
  8309 | D:5      | Offered knowledge of Shock by Vehumet.
  8535 | D:6      | HP: 1/52 [orc wizard/dagger (2)]
  8961 | D:6      | Killed Pikel
  8961 | D:6      | Reached XP level 9. HP: 28/57 MP: 8/21
  9120 | D:6      | Found a shattered altar of Ashenzari.
 10967 | D:6      | Reached ** piety under Vehumet
 10967 | D:6      | Offered knowledge of Freeze by Vehumet.
 11078 | D:6      | Reached skill level 9 in Spellcasting
 11085 | D:6      | Noticed Sigmund
 11195 | D:6      | Killed Sigmund
 11195 | D:6      | Reached skill level 1 in Fighting
 11953 | D:7      | Reached XP level 10. HP: 47/67 MP: 19/23
 12306 | D:7      | Offered knowledge of Conjure Flame by Vehumet.
 12311 | D:7      | Learned a level 3 spell: Conjure Flame
 13117 | D:8      | Reached *** piety under Vehumet
 13117 | D:8      | Reached skill level 10 in Spellcasting
 13127 | D:8      | Noticed a tengu warrior
 13978 | D:8      | Offered knowledge of Static Discharge by Vehumet.
 14073 | D:8      | Found a staircase to the Lair.
 14160 | Lair:1   | Entered Level 1 of the Lair of Beasts
 14179 | Lair:1   | Noticed a spiny frog
 14185 | Lair:1   | Killed a spiny frog
 14461 | Lair:1   | Noticed a spiny frog
 14467 | Lair:1   | Killed a spiny frog
 14620 | Lair:1   | Reached skill level 10 in Conjurations
 14733 | Lair:1   | Noticed a catoblepas
 14907 | D:8      | Learned a level 3 spell: Mephitic Cloud
 15292 | D:8      | Reached **** piety under Vehumet
 15309 | D:8      | Killed a tengu warrior
 15309 | D:8      | Reached skill level 5 in Fighting
 15816 | D:8      | Offered knowledge of Ignite Poison by Vehumet.
 15911 | D:9      | Noticed an unseen horror
 15916 | D:9      | Killed an unseen horror
 15916 | D:9      | Reached XP level 11. HP: 63/81 MP: 11/25
 16539 | D:10     | Entered Level 10 of the Dungeon
 16589 | D:10     | You fall through a shaft!
 16619 | D:11     | Noticed a hill giant
 17157 | D:10     | Reached ***** piety under Vehumet
 17198 | D:10     | Noticed a hill giant
 17208 | D:10     | Killed a hill giant
 17208 | D:10     | Offered knowledge of Lee's Rapid Deconstruction by Vehumet.
 17341 | D:10     | Noticed Erolcha
 17346 | D:10     | Killed Erolcha
 17740 | D:11     | Got a dazzling ring mail
 17825 | D:11     | Killed a hill giant
 17939 | D:11     | Found a staircase to the Orcish Mines.
 18014 | D:11     | Reached skill level 11 in Spellcasting
 18761 | D:11     | Identified the +1 ring mail "Tiussamn" {rC+++ Str+2 Int-3 Dex+4} (You found it on level 11 of the Dungeon)
 19324 | Lair:1   | Killed a catoblepas
 20407 | Lair:2   | Reached XP level 12. HP: 49/92 MP: 27/27
 20648 | Lair:2   | Identified a scroll of acquirement
 20674 | Lair:2   | Reached skill level 12 in Spellcasting
 20760 | Lair:2   | Reached skill level 1 in Shields
 21384 | Lair:2   | Found a staircase to the Swamp.
 21529 | Lair:2   | Offered knowledge of Poison Arrow by Vehumet.
 22972 | Lair:3   | Found a staircase to the Snake Pit.
 23072 | Lair:3   | Noticed a six-headed hydra
 23080 | Lair:3   | Killed a six-headed hydra
 24057 | Lair:4   | Noticed a six-headed hydra
 24062 | Lair:4   | Killed a six-headed hydra
 24062 | Lair:4   | Reached skill level 5 in Shields
 25477 | Lair:4   | Noticed an eight-headed hydra
 25482 | Lair:4   | Killed an eight-headed hydra
 25482 | Lair:4   | Gained mutation: You are in touch with the powers of death. [Mummy growth]
 25482 | Lair:4   | Reached XP level 13. HP: 98/98 MP: 26/29
 26475 | Lair:6   | Entered Level 6 of the Lair of Beasts
 26631 | Lair:6   | Got a wizard robe
 26637 | Lair:6   | Identified the +0 robe "Keegoet" {Str+2 Int+5 Dex+4} (You found it on level 6 of the Lair of Beasts)
 28058 | Lair:6   | Reached skill level 13 in Spellcasting
 29003 | Lair:6   | Found a runed door.
 29003 | Lair:6   | Found a viscous altar of Jiyva.
 29004 | Lair:6   | Noticed an azure jelly
 29009 | Lair:6   | Found a staircase to the Slime Pits.
 29697 | Lair:6   | Offered knowledge of Irradiate by Vehumet.
 29697 | Lair:6   | Reached XP level 14. HP: 96/105 MP: 21/31
 29909 | Lair:5   | Learned a level 5 spell: Irradiate
 32108 | D:12     | Noticed Snorg
 32114 | D:12     | Killed Snorg
 32223 | D:12     | Noticed Sonja
 32244 | D:12     | Killed Sonja
 33049 | D:13     | Noticed McKennaii's ghost (journeyman DEFE)
 33066 | D:13     | Killed McKennaii's ghost
 33408 | D:14     | Found a gate to the Vaults.
 33655 | D:14     | Found a flagged portal.
 33738 | Bailey   | Entered a bailey
 33851 | Bailey   | Noticed McKennaii's ghost (journeyman DEFE)
 33969 | Bailey   | Killed McKennaii's ghost
 34895 | D:14     | Reached skill level 15 in Conjurations
 35465 | D:14     | Offered knowledge of Bolt of Cold by Vehumet.
 35655 | D:14     | Noticed a vault warden
 35691 | D:14     | Killed a vault warden
 35691 | D:14     | Reached XP level 15. HP: 72/110 MP: 26/32
 37106 | D:15     | Entered Level 15 of the Dungeon
 37530 | D:15     | Reached skill level 10 in Shields
 38293 | D:14     | Reached skill level 14 in Spellcasting
 38599 | D:15     | Noticed Kirke
 38612 | D:15     | Noticed a sphinx
 38722 | D:15     | Killed Kirke
 38965 | D:15     | Noticed a fire giant
 38972 | D:15     | Killed a fire giant
 39309 | D:15     | Found a staircase to the Depths.
 39596 | D:15     | Offered knowledge of Delayed Fireball by Vehumet.
 39907 | D:15     | Learned a level 7 spell: Delayed Fireball
 40859 | Orc:1    | Entered Level 1 of the Orcish Mines
 40861 | Orc:1    | Noticed tanuki's ghost (novice MiFi)
 40869 | Orc:1    | Killed tanuki's ghost
 41043 | Orc:1    | Found Okounioc's Gadget Shop.
 41595 | Orc:1    | Noticed an orc warlord
 41641 | D:11     | Killed an orc warlord
 41917 | Orc:2    | Entered Level 2 of the Orcish Mines
 42315 | Orc:2    | Found Moumasef's Antique Armour Shoppe.
 42315 | Orc:2    | Found Jaggulej's Assorted Antiques.
 42377 | Orc:2    | Reached skill level 15 in Spellcasting
 42669 | Orc:2    | Offered knowledge of Bolt of Fire by Vehumet.
 42818 | Orc:2    | Found a roughly hewn altar of Beogh.
 42924 | Orc:2    | Found Jeplynew's General Store.
 42924 | Orc:2    | Found Lempises's Food Shop.
 42983 | Orc:2    | Found a staircase to the Elven Halls.
 43906 | Swamp:1  | Entered Level 1 of the Swamp
 44749 | Swamp:1  | Reached skill level 10 in Fighting
 44888 | Swamp:1  | Reached XP level 16. HP: 115/122 MP: 32/35
 44898 | Swamp:1  | Reached ****** piety under Vehumet
 44905 | Swamp:1  | Offered knowledge of Freezing Cloud by Vehumet.
 45446 | Swamp:2  | Noticed Donald
 45708 | Swamp:2  | Reached skill level 1 in Evocations
 45711 | Swamp:2  | Noticed a thorn hunter
 45716 | Swamp:2  | Killed a thorn hunter
 45977 | Swamp:2  | Noticed Aizul
 45986 | Swamp:2  | Killed Aizul
 46042 | Swamp:2  | Noticed Frances
 46053 | Swamp:2  | Killed Frances
 47953 | Swamp:2  | Reached skill level 16 in Spellcasting
 48004 | Swamp:2  | Noticed Nikola
 48421 | Snake:1  | Entered Level 1 of the Snake Pit
 48753 | Snake:1  | Found Vuamet's Gadget Boutique.
 48753 | Snake:1  | Found Mifrurav's Jewellery Shoppe.
 48754 | Snake:1  | Found Renex's Gadget Boutique.
 48784 | Snake:1  | Found Raastris's Retail Resort.
 49200 | Snake:1  | Noticed Azrael
 49521 | Snake:1  | Killed Azrael
 49889 | Snake:1  | Got a jewelled quarterstaff
 49890 | Snake:1  | Identified the +3 quarterstaff of the Lonely Wishes {crush, rC+} (You found it on level 1 of the Snake Pit)
 50832 | Snake:2  | Found a stormy altar of Qazlal.
 50832 | Snake:2  | Found Atumn's Gadget Shoppe.
 51914 | Snake:1  | Offered knowledge of Fire Storm by Vehumet.
 51914 | Snake:1  | Offered knowledge of Glaciate by Vehumet.
 51914 | Snake:1  | Offered knowledge of Tornado by Vehumet.
 52162 | Snake:1  | Learned a level 6 spell: Bolt of Fire
 52369 | Snake:2  | Found Kaafaitt's Armour Boutique.
 52936 | Snake:2  | Reached skill level 5 in Dodging
 53333 | Snake:2  | Noticed Saint Roka
 53794 | Swamp:1  | Killed Donald
 54359 | Orc:2    | Bought a metal-bound book for 465 gold pieces
 54361 | Orc:2    | Bought a dented garnet amulet for 155 gold pieces
 54558 | Elf:1    | Entered Level 1 of the Elven Halls
 54563 | Elf:1    | Reached skill level 5 in Evocations
 54563 | Elf:1    | Reached XP level 17. HP: 87/128 MP: 37/37
 55294 | Elf:1    | Learned a level 6 spell: Iron Shot
 55302 | Elf:1    | Found an ancient bone altar of Kikubaaqudgha.
 55370 | Elf:1    | Found Ische's Distillery.
 55769 | Elf:1    | Found Jovvimo's One-of-a-Kind Books.
 56287 | Elf:1    | Learned a level 5 spell: Bolt of Draining
 56825 | Elf:1    | Identified the Incunabulum of Companions
 57352 | Elf:1    | Noticed an Ice Fiend
 57598 | Elf:1    | Reached skill level 17 in Spellcasting
 59151 | Elf:2    | Got a warped hat
 59152 | Elf:2    | Identified the +0 hat of Infinity {*Slow MR+ Str+2} (You acquired it on level 2 of the Elven Halls)
 59605 | Elf:2    | Found a huge runed gate.
 59605 | Elf:2    | Found a huge runed gate.
 59605 | Elf:2    | Found a huge runed gate.
 60470 | Elf:2    | Reached XP level 18. HP: 134/134 MP: 39/39
 61750 | Elf:3    | Entered Level 3 of the Elven Halls
 61750 | Elf:3    | Found Sosaupn's Food Shoppe.
 61901 | Elf:3    | Found Suinid's Antique Armour Shop.
 61909 | Elf:3    | Bought a jewelled helmet for 332 gold pieces
 61909 | Elf:3    | Identified the +0 helmet of Henotheism {-Tele Str+6 Stlth+} (You bought it in a shop on level 3 of the Elven Halls)
 62052 | Elf:3    | Noticed Asterion
 62061 | Elf:3    | Killed Asterion
 63030 | Elf:3    | Got a faintly humming robe
 63031 | Elf:3    | Identified the +1 robe of Truth {rElec Int+5} (You took it off a deep elf mage on level 3 of the Elven Halls)
 63063 | Elf:3    | Reached skill level 18 in Spellcasting
 63477 | Elf:3    | Got a crude falchion {venom}
 63478 | Elf:3    | Identified the +6 falchion "Bifeisiu" {venom, Dex+5} (You took it off a deep elf sorcerer on level 3 of the Elven Halls)
 63485 | Elf:3    | Got a scorched ivory ring
 63720 | Elf:3    | Identified the cursed +3 fustibalus "Alaohada" {freeze, rElec} (You found it on level 3 of the Elven Halls)
 63792 | Elf:3    | Identified the ring "Bitam" {*Corrode rPois MR+++ MP+9 Int-3} (You took it off a deep elf demonologist on level 3 of the Elven Halls)
 63895 | Elf:3    | Found Kuchaate's Weapon Shoppe.
 64009 | Elf:3    | Noticed Bai Suzhen
 64020 | Elf:3    | Killed Bai Suzhen
 64387 | Elf:3    | Found Rastroxt's Weapon Emporium.
 64458 | Elf:3    | Found Udet's Jewellery Emporium.
 64622 | Elf:1    | Reached XP level 19. HP: 140/140 MP: 41/41
 65044 | Lair:1   | Learned a level 7 spell: Orb of Destruction
 65268 | Snake:2  | Found Icvusi's Assorted Antiques.
 65335 | Snake:2  | Found Adeh's Food Emporium.
 66000 | Snake:2  | Killed Saint Roka
 66000 | Snake:2  | Reached skill level 10 in Evocations
 66527 | Snake:3  | Noticed Louise
 66534 | Snake:3  | Killed Louise
 66954 | Snake:3  | Found Yvorha's Food Shop.
 67621 | Snake:4  | Entered Level 4 of the Snake Pit
 70545 | Snake:4  | Reached skill level 19 in Spellcasting
 71050 | Snake:4  | Got a serpentine rune of Zot
 71109 | Snake:4  | Reached XP level 20. HP: 147/147 MP: 43/43
 71574 | Snake:4  | Learned a level 7 spell: Spellforged Servitor
 71853 | Swamp:2  | Killed Nikola
 72053 | Swamp:2  | Identified the +5 scale mail of Anarchy {-Cast rC++ Dex+3 Stlth+} (You found it on level 2 of the Swamp)
 72540 | Swamp:3  | Noticed Mara
 72561 | Swamp:3  | Found a frozen archway.
 72573 | IceCv    | Entered an ice cave
 74553 | Swamp:3  | Killed Mara
 75115 | Swamp:4  | Entered Level 4 of the Swamp
 76602 | Swamp:4  | Noticed the 27-headed Lernaean hydra
 76607 | Swamp:4  | Killed the 27-headed Lernaean hydra
 76619 | Swamp:4  | Got a decaying rune of Zot
 77407 | Vaults:1 | Entered Level 1 of the Vaults
 78763 | Vaults:1 | Reached XP level 21. HP: 150/153 MP: 44/44
 78852 | Vaults:1 | Got a pair of smoking gloves
 78853 | Vaults:1 | Identified the +2 pair of gloves "Maicir" {rPois} (You found it on level 1 of the Vaults)
 78968 | Vaults:1 | Reached skill level 10 in Dodging
 79916 | Vaults:2 | Reached skill level 20 in Spellcasting
 81285 | Vaults:2 | Found a staircase to the Crypt.
 83459 | Vaults:3 | Got a wizard robe
 83460 | Vaults:3 | Identified the +3 robe of Peek-a-Boo {rN++ Int-2} (You found it on level 3 of the Vaults)
 85118 | Vaults:4 | Found Fittun's Armour Shop.
 85239 | Vaults:4 | Noticed Jory
 85248 | Vaults:4 | Killed Jory
 85510 | Vaults:4 | Reached XP level 22. HP: 163/163 MP: 46/46
 85711 | Vaults:4 | Got a bloodstained chain mail
 85712 | Vaults:4 | Identified the +2 chain mail of Limited Liability {*Corrode rPois Str+4 Dex+3} (You took it off a vault warden on level 4 of the Vaults)
 85974 | Vaults:4 | Found Opir's General Store.
 86422 | Vaults:4 | Found Qateg's Antique Weapon Emporium.
 87544 | Depths:1 | Entered Level 1 of the Depths
 87851 | Depths:1 | Found a gateway to Hell.
 89247 | Depths:1 | Identified the cursed +1 leather armour of Bidghef {-Cast rElec rF++ Stlth+} (You found it on level 1 of the Depths)
 90610 | Depths:2 | Found a one-way gate to the infinite horrors of the Abyss.
 91086 | Depths:2 | Found Uvoc's Slaves and Accessories.
 91178 | Depths:2 | Found The Legendary Ziploet's Legendary Smithy.
 91298 | Depths:2 | Found Kuiny's Miraculous Elixirs.
 91374 | Depths:2 | Found Jack's Jerk-a-riffic Jerky.
 92109 | Depths:2 | Found a roughly hewn altar of Beogh.
 92255 | Depths:2 | Identified the cursed +0 pair of gloves "Zeorair" {Str+2} (You found it on level 2 of the Depths)
 92974 | Depths:3 | Found a gateway to a ziggurat.
 93008 | Depths:3 | Reached XP level 23. HP: 169/169 MP: 47/47
 93396 | Depths:3 | Found a one-way gate leading to the halls of Pandemonium.
 93800 | Depths:3 | Found Soarokka's Assorted Antiques.
 93873 | Depths:3 | Found an iron altar of Okawaru.
 94207 | Depths:3 | Found Ganaj's Weapon Emporium.
 94207 | Depths:3 | Found Pymmev's Food Shoppe.
 94521 | Depths:3 | HP: 5/169 [something (15)]
 95252 | Depths:4 | Noticed Mennas
 95866 | Crypt:1  | Entered Level 1 of the Crypt
 96084 | Crypt:1  | Reached skill level 21 in Spellcasting
 96164 | Crypt:1  | Reached skill level 15 in Shields
 96717 | Crypt:1  | Identified the +1 war axe "Hebiok" {vamp, rPois MR+ Str-5} (You found it on level 1 of the Crypt)
 96877 | Crypt:1  | Found an ancient bone altar of Kikubaaqudgha.
 98892 | Crypt:3  | Entered Level 3 of the Crypt
 99073 | Crypt:3  | Noticed Xtahua
 99125 | Crypt:3  | Killed Xtahua
 99327 | Crypt:3  | Found a staircase to the Tomb.
100435 | Crypt:3  | Identified the cursed +1 great mace of Proximity {venom, rElec rPois} (You took it off a guardian mummy on level 3 of the Crypt)
100516 | Crypt:3  | Found an ancient bone altar of Kikubaaqudgha.
100841 | Crypt:3  | Noticed a greater mummy
100857 | Crypt:3  | Killed a greater mummy
101067 | Crypt:3  | Reached XP level 24. HP: 184/184 MP: 39/48
101201 | Tomb:1   | Entered Level 1 of the Tomb of the Ancients
101396 | Tomb:1   | Mangled by a death scarab

Skill      XL: |  1  2  3  4  5  6  7  8  9 10 11 12 13 14 15 16 17 18 19 20 21 22 23 24 |
---------------+-------------------------------------------------------------------------+-----
Spellcasting   | 3 4 5 6 8 9 10 11 12 13 15 16 17 18 19 20 21 | 21.0
Conjurations   | 4 6 8 9 10 11 12 13 15 16 17 18 19 20 | 20.5
Fighting       | 2 5 8 10 11 13 14 | 14.0
Shields        | 5 7 9 10 11 14 15 | 15.1
Dodging        | 5 7 9 10 | 10.0
Evocations     | 5 7 9 10 | 10.1
Stealth        | |  1.5

Action                   |  1- 3 |  4- 6 |  7- 9 | 10-12 | 13-15 | 16-18 | 19-21 | 22-24 || total
-------------------------+-------+-------+-------+-------+-------+-------+-------+-------++-------
Melee: Dagger            |    33 |    68 |   107 |    47 |       |       |       |       ||   255
       Staff             |       |       |       |     2 |    16 |     8 |     9 |    17 ||    52
 Cast: Magic Dart        |    39 |    31 |    59 |   176 |   241 |   298 |    12 |       ||   856
       Searing Ray       |    14 |    23 |    84 |   112 |   208 |    44 |     4 |       ||   489
       Iskenderun's Myst |       |       |    32 |   134 |   381 |   255 |    59 |    26 ||   887
       Iskenderun's Batt |       |       |       |    75 |   143 |   183 |    11 |     1 ||   413
       Conjure Flame     |       |       |       |    25 |    72 |    24 |     2 |     3 ||   126
       Mephitic Cloud    |       |       |       |    11 |     6 |     4 |       |       ||    21
       Irradiate         |       |       |       |       |    15 |    34 |    12 |     5 ||    66
       Bolt of Fire      |       |       |       |       |       |    86 |   180 |    34 ||   300
       Delayed Fireball  |       |       |       |       |       |     1 |     3 |       ||     4
       Bolt of Draining  |       |       |       |       |       |   132 |   109 |    62 ||   303
       Iron Shot         |       |       |       |       |       |    60 |    76 |    40 ||   176
       Orb of Destructio |       |       |       |       |       |       |   413 |   306 ||   719
       Spellforged Servi |       |       |       |       |       |       |   106 |   217 ||   323
 Abil: Release Delayed F |       |       |       |       |       |     1 |     2 |       ||     3
Evoke: Fan of gales      |       |       |       |     1 |       |       |       |       ||     1
       Lamp of fire      |       |       |       |       |       |     4 |       |       ||     4
       Rod               |       |       |       |       |       |     4 |     6 |     9 ||    19
       Staff of energy   |       |       |       |       |       |       |   256 |   224 ||   480
       Wand              |       |       |       |       |       |       |       |     5 ||     5
  Use: Scroll            |       |       |    10 |    10 |     9 |    32 |    14 |    13 ||    88
 Stab: Sleeping          |       |       |     1 |     1 |       |       |       |       ||     2
Armor: Robe              |     6 |    17 |    23 |    47 |    86 |    42 |    18 |    28 ||   267
Dodge: Dodged            |    21 |    61 |   145 |   132 |   193 |   177 |   226 |   241 ||  1196
Block: Buckler           |       |       |       |    16 |   189 |   143 |   146 |   171 ||   665
       Reflection        |       |       |       |       |    26 |    41 |    68 |    64 ||   199
